 Dungeon Crawl Stone Soup version 0.30-b1-2-g02819fbbbe (webtiles) character file.

Game seed: 6517565324341249069

91 redmage the Digger (level 5, -11/38 HPs)
             Began as a Meteoran Earth Elementalist on Sept 7, 2023.
             Killed by divine providence
             ... invoked by an orc priest
              (14 damage)
             ... on level 4 of the Dungeon.
             The game lasted 00:03:48 (238 turns).

redmage the Digger (Meteoran Earth Elementalist)     Turns: 238, Time: 00:03:48

Health: -11/38     AC:  2    Str:  7 (9)  XL:     5   Next: 12%
Magic:  2/11       EV: 12    Int: 15 (18) God:
Gold:   39         SH:  0    Dex: 14 (15) Spells: 4/11 levels left

rFire   . . .        (no weapon)
rCold   . . .        (no shield)
rNeg    . . .        a - +0 robe
rPois   .            (no helmet)
rElec   .            (no cloak)
rCorr   .            (no gloves)
SInv    .            (no boots)
Will    .....        (no amulet)
Stlth   +            (no ring)
HPRegen 0.26/turn    (no ring)
MPRegen 0.12/turn

%: no passive effects
@: glowing
A: sense surroundings 1, otherworldly, glowing, explore regen
a: no special abilities


You were on level 4 of the Dungeon.
You visited 1 branch of the dungeon, and saw 4 of its levels.

You collected 39 gold pieces.

Inventory:

Armour
 a - a +0 robe (worn)
Jewellery
 d - a ring of ice


   Skills:
 - Level 2.4 Dodging
 - Level 1.4 Stealth
 + Level 3.9 Spellcasting
 + Level 1.6 Conjurations
 - Level 2.0 Translocations
 - Level 1.2 Transmutations
 + Level 4.6 Earth Magic


You had 4 spell levels left.
You knew the following spells:

 Your Spells              Type           Power      Damage    Failure   Level
a - Sandblast             Erth           32%        2d9       2%          1
b - Passwall              Tmut/Erth      9%         N/A       9%          2
c - Stone Arrow           Conj/Erth      24%        3d8       16%         3
q - Apportation           Tloc           16%        N/A       9%          1

Your spell library contained the following spells:

 Spells                   Type           Power      Damage    Failure   Level
 Petrify                  Tmut/Erth      11%        N/A       47%         4
 Alistair's Intoxication  Tmut/Pois      2%         N/A       98%         5


Dungeon Overview and Level Annotations

Branches:
Dungeon (4/15) Zot: 2148
 Temple: D:4-7

Altars:


Innate Abilities, Weirdness & Mutations

You passively map a small area around you.
You are easily found by Zot.
You glow in the dark.
You regain HP and MP as you explore.


Message History

The orc priest hits you with a +0 flail.
Magic courses through your body.
The orc priest hits you with a +0 flail.
* * * LOW HITPOINT WARNING * * *
Casting: Sandblast (safe; 2% risk of failure)
Confirm with . or Enter, or press ? or * to list all spells.
The spell is quite dangerous to miscast (16% risk of failure)!
Continue anyway?
Okay, then.
Unknown command.
Casting: Stone Arrow (quite dangerous; 16% risk of failure)
Confirm with . or Enter, or press ? or * to list all spells.
The spell is quite dangerous to miscast (16% risk of failure)!
Continue anyway?
Aiming: Stone Arrow (quite dangerous; 16% risk of failure)
Press: ? - help, Shift-Dir - straight line, f/p - orc priest
Aim: an orc priest, wielding a +0 flail and wearing a +0 chain mail (moderately wounded, 77% to hit)
The stone arrow hits the orc priest.
The orc priest is moderately wounded.
The orc priest calls down the wrath of Beogh upon you.
Pain shoots through your body!
* * * LOW HITPOINT WARNING * * *
Casting: Stone Arrow (quite dangerous; 16% risk of failure)
Confirm with . or Enter, or press ? or * to list all spells.
The spell is quite dangerous to miscast (16% risk of failure)!
Continue anyway?
Aiming: Stone Arrow (quite dangerous; 16% risk of failure)
Press: ? - help, Shift-Dir - straight line, f/p - orc priest
Aim: an orc priest, wielding a +0 flail and wearing a +0 chain mail (moderately wounded, 77% to hit)
The stone arrow hits the orc priest.
The orc priest is severely wounded.
The orc priest hits you with a +0 flail.
* * * LOW HITPOINT WARNING * * *
Casting: Stone Arrow (quite dangerous; 16% risk of failure)
Confirm with . or Enter, or press ? or * to list all spells.
The spell is quite dangerous to miscast (16% risk of failure)!
Continue anyway?
Aiming: Stone Arrow (quite dangerous; 16% risk of failure)
Press: ? - help, Shift-Dir - straight line, f/p - orc priest
Aim: an orc priest, wielding a +0 flail and wearing a +0 chain mail (severely wounded, 77% to hit)
The stone arrow misses the orc priest.
The orc priest calls down the wrath of Beogh upon you.
Beogh smites you!
You die...

, #.......* #...... *
#.....#* #.(...# #.....
#.!...# , #.....
###.....# #.....
###.......# #.....
#...#o@...### #.....
#..[.......... #.....
#..##......##.# #.[...
#.)###....###.# #...§.
#..)###..###..# #..)..
#..†[######...#*##.....
#.....# #....##.......
#.....# #.......#####.
#....######....#* .


You could see an orc priest.

Vanquished Creatures
  A scorpion (D:4)
  An adder (D:3)
  A worm (D:3)
  3 orcs (D:4)
  2 bats (D:2)
  2 endoplasms
  A goblin (D:3)
  A hobgoblin (D:4)
  3 ball pythons
  A frilled lizard (D:2)
  2 kobolds
18 creatures vanquished.

Notes
Turn   | Place    | Note
-------+----------+-------------------------------------------
     0 | D:1      | redmage the Meteoran Earth Elementalist began the quest for
                  | the Orb.
     0 | D:1      | Reached XP level 1. HP: 14/14 MP: 5/5
    64 | D:2      | Reached XP level 2. HP: 20/20 MP: 4/7
    72 | D:2      | Learned a level 1 spell: Apportation
    75 | D:2      | Learned a level 2 spell: Passwall
   108 | D:3      | Reached skill level 4 in Earth Magic
   113 | D:3      | Reached XP level 3. HP: 26/26 MP: 4/8
   117 | D:3      | Learned a level 3 spell: Stone Arrow
   144 | D:3      | Reached skill level 1 in Translocations
   158 | D:4      | Noticed a scorpion
   163 | D:4      | Killed a scorpion
   164 | D:4      | Reached skill level 1 in Conjurations
   164 | D:4      | Reached XP level 4. HP: 33/33 MP: 4/10
   164 | D:4      | Reached XP level 5. HP: 38/38 MP: 4/11
   238 | D:4      | Killed from afar by an orc priest

Illustrated notes

Levels and vault maps discovered:
D:1:      psy_arrival_radial01, layout_basic, ebering_ecumenical_altar_box,
          hex_tiny
D:2:      layout_basic, basic_altar
D:3:      layout_basic, grunt_ministairs_7, serial_park_tiny_1,
          small_statue_intersection, palyth_stone_intersect
D:4:      layout_basic, okawaru_metal_pillars_1_2, serial_shops,
          nicolae_shop_crystal, nicolae_shop_fire_sale [nicolae_sub_dead_trees],
          minivault_19, chequers_serial_rivers_small_a, uniq_eustachio,
          uniq_menkaure

Skill      XL: |  1  2  3 |
---------------+----------+-----
Spellcasting   | 3 |  3.9
Earth Magic    | 4 |  4.6
Translocations | 2 |  2.0
Conjurations   | 1 |  1.6
Dodging        | |  2.4
Stealth        | |  1.4
Transmutations | |  1.2

Action                     |  1- 3 |  4- 6 || total
---------------------------+-------+-------++-------
   Cast: Sandblast         |    19 |     7 ||    26
         Apportation       |     5 |       ||     5
         Stone Arrow       |       |     6 ||     6
    Use: Scroll            |     2 |       ||     2
         Potion            |       |     3 ||     3
 Armour: Robe              |     2 |       ||     2
  Dodge: Dodged            |     4 |     3 ||     7
